 Dungeon Crawl Stone Soup version 0.17.0-23-g0de4337 (webtiles) character file.

283 Stormsson the Sneak (level 6, -10/46 HPs)
             Began as a Vampire Assassin on Nov 14, 2015.
             Mangled by an ogre
             ... wielding a +0 giant club
              (14 damage)
             ... on level 4 of the Dungeon.
             The game lasted 00:20:36 (3005 turns).

Stormsson the Sneak (Vampire Assassin)              Turns: 3005, Time: 00:20:36

Health: -10/46     AC:  6    Str:  8      XL:     6   Next: 7%
Magic:  6/6        EV: 13    Int: 10 (11) God:
Gold:   266        SH:  0    Dex: 18      Spells: 0 memorised, 5 levels left

rFire  . . .     SeeInvis +     a - +4 dagger
rCold  + + +     Clarity  .     l - +0 leather armour
rNeg   + + +     SustAt   .     (no shield)
rPois  +         Gourm    .     j - +0 helmet
rElec  .         Spirit   .     d - +0 cloak
rCorr  .         Warding  .     p - +0 pair of gloves
rMut   .         Stasis   .     (no boots)
MR     .....                    (no amulet)
Stlth  ++++......               (no ring)
                                k - ring of protection from cold

@: regenerating slowly, not resistant to hostile enchantments, stealthy
A: fangs 3, see invisible, cold resistance 1, deterioration 1, dopey 1, weak 1,
unbreathing, evolution 1
a: Bat Form


You were on level 4 of the Dungeon.
You were near bloodless.

You visited 1 branch of the dungeon, and saw 4 of its levels.

You collected 266 gold pieces.

Inventory:

Hand Weapons
 a - a +4 dagger (weapon)
 b - a +0 blowgun
 h - a +3 spear
Missiles
 e - 6 poisoned needles (quivered)
 f - 2 curare-tipped needles
Armour
 c - a +0 robe
 d - a +0 cloak (worn)
 j - a +0 helmet (worn)
 l - a +0 leather armour (worn)
 p - a +0 pair of gloves (worn)
Jewellery
 k - a ring of protection from cold (left hand)
 r - an uncursed ring of wizardry {unknown}
Wands
 s - a wand of cold (8)
Scrolls
 o - a scroll of enchant armour {unknown}
 q - 3 scrolls of magic mapping {unknown}
 u - a scroll of remove curse
Potions
 g - 8 potions of blood
 i - a potion of curing
 n - a potion of heal wounds


   Skills:
 + Level 2.7 Fighting
 + Level 3.8 Short Blades
 - Level 1.5 Throwing
 * Level 3.8 Dodging
 + Level 7.7 Stealth


You had 5 spell levels left.
You didn't know any spells.

Dungeon Overview and Level Annotations

Branches:
Dungeon (4/15)
 Temple: D:4-7

Altars:
Ashenzari
Fedhas
Kikubaaqudgha
Ru
Trog

Annotations:
D:2 exclusion: oklob plant


Innate Abilities, Weirdness & Mutations

You heal slowly.
You have razor-sharp teeth.
You have supernaturally acute eyesight.
You can survive without breathing.
Your flesh is cold resistant.
Your body sometimes deteriorates upon taking damage.
You are dopey. (Int -2)
You are weak. (Str -2)
You evolve.


Message History

You feel almost devoid of blood! The ogre barely misses you.
Firing (i - inventory. (,) - cycle):
e - 7 poisoned needles (quivered)
Press: ? - help, Shift-Dir - straight line, f/p - ogre
Aim: an ogre, wielding a giant club (severely wounded)
You shoot a poisoned needle. The poisoned needle hits the ogre!
The ogre is poisoned.
The ogre is severely wounded.
Found a scroll labeled QIS CAPLUOHACU.
The ogre hits you with a giant club!
The ogre looks more healthy.
Wield which item (- for none, * to show all)? (? for menu, Esc to quit)
a - a +4 dagger (weapon)
The ogre hits you with a giant club!!
Ouch! That really hurt!
* * * LOW HITPOINT WARNING * * *
Press: ? - help, v - describe, . - travel A teleport trap.
The ogre hits you with a giant club!
You die...

........#.#.##.###.#
........#......# #.#
######......######.#
#.............###
###......#.^....#
########..#..<....###
#........>........###
#..........#........#
#..............@....#
#...........#.O...#.#
#...................#
#................##.#
#...................#
#########....#...#.##
#PPPPP...#.#
#P.......#.#
#P...P##.#.#


You could see an ogre.

Vanquished Creatures
  2 vampire bats (D:3)
  2 hounds (D:4)
  A worker ant (D:4)
  6 adders
  2 worms
  4 giant geckos
  3 orcs (D:4)
  A ball python (D:1)
  2 bat skeletons (D:3)
  4 bat zombies (D:3)
  2 hobgoblins (D:2)
  2 quokkas
  4 bats
  4 giant cockroaches
  3 giant newts
  7 goblins
  9 kobolds
  10 rats
  A fungus (D:4)
69 creatures vanquished.

Vanquished Creatures (others)
  5 toadstools (D:1)
5 creatures vanquished.

Grand Total: 74 creatures vanquished

Notes
Turn   | Place    | Note
--------------------------------------------------------------
     0 | D:1      | Stormsson the Vampire Assassin began the quest for the Orb.
     0 | D:1      | Reached XP level 1. HP: 16/16 MP: 1/1
    62 | D:1      | Reached skill level 6 in Stealth
   278 | D:1      | Reached XP level 2. HP: 17/22 MP: 2/2
   686 | D:2      | Reached XP level 3. HP: 22/27 MP: 3/3
   926 | D:2      | Found a sacrificial altar of Ru.
   934 | D:2      | Gained mutation: You evolve. [potion of mutation]
   934 | D:2      | Gained mutation: Your flesh is cold resistant. [potion of mutation]
   963 | D:2      | Reached skill level 7 in Stealth
  1515 | D:2      | Found a blossoming altar of Fedhas.
  1534 | D:2      | Noticed an oklob plant
  1701 | D:2      | Found a shattered altar of Ashenzari.
  1818 | D:2      | Reached XP level 4. HP: 28/33 MP: 4/4
  2129 | D:3      | Gained mutation: You are dopey. (Int -2) [potion of mutation]
  2129 | D:3      | Gained mutation: Your body sometimes deteriorates upon taking damage. [potion of mutation]
  2129 | D:3      | Gained mutation: You are weak. (Str -2) [potion of mutation]
  2223 | D:3      | Found a bloodstained altar of Trog.
  2406 | D:3      | Found an ancient bone altar of Kikubaaqudgha.
  2416 | D:3      | Reached XP level 5. HP: 37/39 MP: 5/5
  2880 | D:4      | Noticed an ogre
  2910 | D:4      | Reached XP level 6. HP: 35/46 MP: 6/6
  3005 | D:4      | Mangled by an ogre

Action                   |  1- 3 |  4- 6 || total
-------------------------+-------+-------++-------
Melee: Dagger            |   129 |   116 ||   245
 Fire: Blowgun           |       |     2 ||     2
  Use: Scroll            |     5 |     5 ||    10
       Potion            |     8 |     2 ||    10
 Stab: Sleeping          |     7 |    11 ||    18
       Distracted        |     1 |       ||     1
  Eat: Corpse            |     1 |     1 ||     2
